[ AOE2 MATCH · #457081455 ]
UnrankedVietnamese vs Vietnamese
[ REPLAY ANALYSIS · EXTRACTED FROM THE RECORDED GAME ]
Feudal
10:22
Castle
26:00
Imperial
38:56
| APM avg | 11.3 |
| APM peak | 77 |
| eAPM avg | 2.7 |
| Villagers / military | 0 / 1 |
Focus
⚔️ 39.1% · 🌾 60.9%
Skirmisher ×1
Feudal
—
Castle
—
Imperial
—
| APM avg | 20.7 |
| APM peak | 38 |
| eAPM avg | 14.0 |
| Villagers / military | 79 / 136 |
Focus
⚔️ 35.9% · 🌾 64.1%
Archer ×117 · Rattan Archer ×9 · Mangonel ×5 · Trebuchet (Packed) ×5
Match map
Initial resources + every placement click. Lines = walls · curves = elevation contours. ◆ gold · ⬟ stone · ● berries · ✦ relic · ◌ wall gap
Inputs per minute
— [PVS] bieldan - - bArkZyiyi
Build order — [PVS] bieldan
9 actions detected in the replay
| 9:00 | Build | Lumber Camp |
| 10:10 | Build | Palisade Wall |
| 10:22 | Age | Feudal Age |
| 15:10 | Create | Skirmisher |
| 17:35 | Build | Stone Wall |
| 26:00 | Age | Castle Age |
| 38:56 | Age | Imperial Age |
| 47:43 | Build | House |
| 47:44 | Build | House |
Build order — bArkZyiyi
First 150 of 356 actions detected
| 0:03 | Build | House |
| 0:06 | Build | House |
| 0:10 | Create | Villager (Male) |
| 0:11 | Create | Villager (Male) |
| 0:11 | Create | Villager (Male) |
| 0:11 | Create | Villager (Male) |
| 1:45 | Create | Villager (Male) |
| 2:15 | Create | Villager (Male) |
| 2:24 | Build | Lumber Camp |
| 2:41 | Create | Villager (Male) |
| 3:08 | Create | Villager (Male) |
| 3:32 | Create | Villager (Male) |
| 3:57 | Create | Villager (Male) |
| 4:03 | Build | House |
| 4:32 | Create | Villager (Male) |
| 4:46 | Build | House |
| 5:03 | Create | Villager (Male) |
| 5:09 | Create | Villager (Male) |
| 5:43 | Build | Mill |
| 6:22 | Create | Villager (Male) |
| 6:31 | Create | Villager (Male) |
| 6:52 | Research | Loom |
| 7:06 | Research | Loom |
| 7:17 | Create | Villager (Male) |
| 8:12 | Research | Feudal Age |
| 9:32 | Build | Mining Camp |
| 10:03 | Build | Barracks |
| 10:49 | Create | Villager (Male) |
| 10:49 | Create | Villager (Male) |
| 10:49 | Create | Villager (Male) |
| 11:05 | Build | Archery Range |
| 11:26 | Build | Blacksmith |
| 11:51 | Create | Villager (Male) |
| 12:11 | Build | House |
| 12:14 | Build | House |
| 12:21 | Create | Villager (Male) |
| 12:24 | Create | Archer |
| 12:25 | Create | Archer |
| 12:25 | Create | Archer |
| 12:25 | Create | Archer |
| 12:47 | Build | Farm |
| 12:49 | Build | Farm |
| 13:04 | Build | Archery Range |
| 13:10 | Build | House |
| 13:15 | Create | Villager (Male) |
| 13:31 | Build | Farm |
| 13:42 | Build | Palisade Wall |
| 13:47 | Create | Villager (Male) |
| 13:47 | Create | Villager (Male) |
| 13:52 | Create | Archer |
| 14:07 | Build | Palisade Wall |
| 14:16 | Build | House |
| 14:19 | Build | House |
| 14:23 | Create | Villager (Male) |
| 14:38 | Create | Villager (Male) |
| 14:39 | Create | Villager (Male) |
| 14:40 | Build | Farm |
| 14:52 | Create | Archer |
| 14:52 | Create | Archer |
| 14:52 | Create | Archer |
| 15:04 | Build | House |
| 15:07 | Build | House |
| 15:13 | Build | Building 487 |
| 15:36 | Create | Archer |
| 15:37 | Create | Archer |
| 15:40 | Create | Villager (Male) |
| 16:04 | Build | Stone Wall |
| 16:09 | Build | Farm |
| 16:10 | Build | Farm |
| 16:11 | Build | Farm |
| 16:14 | Create | Villager (Male) |
| 16:14 | Create | Villager (Male) |
| 16:56 | Create | Villager (Male) |
| 16:57 | Create | Villager (Male) |
| 17:03 | Create | Archer |
| 17:03 | Create | Archer |
| 17:03 | Create | Archer |
| 17:03 | Create | Archer |
| 17:03 | Create | Archer |
| 17:13 | Research | Fletching |
| 17:16 | Research | Double-Bit Axe |
| 17:19 | Create | Villager (Male) |
| 18:00 | Research | Gold Mining |
| 18:02 | Create | Villager (Male) |
| 18:03 | Create | Villager (Male) |
| 19:11 | Create | Archer |
| 19:11 | Create | Archer |
| 19:11 | Create | Archer |
| 19:11 | Create | Archer |
| 19:12 | Create | Archer |
| 19:23 | Build | Market |
| 19:26 | Build | Farm |
| 19:27 | Build | Farm |
| 19:28 | Build | Farm |
| 19:30 | Build | Farm |
| 19:33 | Create | Villager (Male) |
| 19:33 | Create | Villager (Male) |
| 19:34 | Create | Villager (Male) |
| 19:34 | Create | Villager (Male) |
| 19:42 | Create | Archer |
| 19:42 | Create | Archer |
| 19:43 | Create | Archer |
| 19:43 | Create | Archer |
| 19:59 | Create | Archer |
| 20:00 | Create | Archer |
| 20:00 | Create | Archer |
| 20:00 | Create | Archer |
| 20:00 | Create | Archer |
| 20:14 | Create | Archer |
| 20:14 | Create | Archer |
| 20:55 | Create | Villager (Male) |
| 20:56 | Create | Villager (Male) |
| 21:02 | Create | Archer |
| 21:02 | Create | Archer |
| 21:02 | Create | Archer |
| 21:02 | Create | Archer |
| 22:02 | Build | House |
| 22:03 | Build | House |
| 22:04 | Build | House |
| 22:05 | Build | House |
| 22:07 | Build | House |
| 22:11 | Build | Farm |
| 22:31 | Create | Archer |
| 22:31 | Create | Archer |
| 22:31 | Create | Archer |
| 22:32 | Create | Archer |
| 22:32 | Create | Archer |
| 22:40 | Build | Farm |
| 22:40 | Build | Farm |
| 22:41 | Build | Farm |
| 22:45 | Create | Villager (Male) |
| 22:45 | Create | Villager (Male) |
| 22:45 | Create | Villager (Male) |
| 22:54 | Research | Horse Collar |
| 23:18 | Research | Castle Age |
| 23:31 | Build | Farm |
| 23:48 | Build | Mining Camp |
| 24:08 | Build | Archery Range |
| 24:13 | Research | Padded Archer Armor |
| 24:54 | Build | Archery Range |
| 25:16 | Build | Stone Wall |
| 25:47 | Create | Archer |
| 25:48 | Create | Archer |
| 25:51 | Create | Archer |
| 26:04 | Research | Bodkin Arrow |
| 26:07 | Research | Crossbowman (upgrade) |
| 26:41 | Build | Stone Wall |
| 26:52 | Build | Farm |
| 26:53 | Build | Farm |
| 26:54 | Build | Farm |
Match timeline
| 10:03 | bArkZyiyi · first_building Barracks |
| 10:10 | [PVS] bieldan · wall_segment Palisade Wall x1 |
| 10:22 | [PVS] bieldan · age_up feudal |
| 11:05 | bArkZyiyi · first_building Archery Range |
| 13:42 | bArkZyiyi · wall_segment Palisade Wall x12 |
| 14:07 | bArkZyiyi · wall_segment Palisade Wall x13 |
| 16:04 | bArkZyiyi · wall_segment Stone Wall x3 |
| 17:35 | [PVS] bieldan · wall_segment Stone Wall x1 |
| 23:12 | bArkZyiyi · first_market_buy 100 food |
| 25:16 | bArkZyiyi · wall_segment Stone Wall x1 |
| 26:00 | [PVS] bieldan · age_up castle |
| 26:41 | bArkZyiyi · wall_segment Stone Wall x12 |
| 27:29 | bArkZyiyi · first_building Siege Workshop |
| 29:42 | bArkZyiyi · first_market_sell 100 food |
| 32:41 | bArkZyiyi · first_building Castle |
| 38:56 | [PVS] bieldan · age_up imperial |
| 51:39 | 3 · resign |
[ AI ANALYSIS · 1 CREDIT ]
What really happened in this match?
Wolo.gg analyzes every decision: build order, eco, micro, common mistakes by bracket. Personalized analysis on WhatsApp or Discord in 30 seconds.
Civ guide
Vietnamese
Map guide
Arabia
Perfil
Jugador #14765135